 Dungeon Crawl Stone Soup version 0.30-a0-743-gbfdf073431 (webtiles) character file.

Game seed: 13750583165168217113

334 BRD the Trooper (level 6, -1/49 HPs)
             Began as a Demonspawn Fighter on Feb 6, 2023.
             Was a Follower of Cheibriados.
             Blown up by Ijyb (19 damage)
             ... with a mindburst bolt
             ... on level 5 of the Dungeon.
             The game lasted 00:05:40 (3850 turns).

BRD the Trooper (Demonspawn Fighter)                Turns: 3850, Time: 00:05:41

Health: -1/49      AC: 12    Str: 21    XL:     6   Next: 27%
Magic:  6/6        EV:  7    Int: 11    God:    Cheibriados [*.....]
Gold:   283        SH:  0    Dex: 14    Spells: 5/5 levels left

rFire   . . .      SeeInvis .    a - +0 war axe
rCold   . . .      Faith    .    (no shield)
rNeg    . . .      Spirit   .    A - +2 chain mail {rPois}
rPois   +          Reflect  .    (helmet restricted)
rElec   .          Harm     .    t - +0 cloak
rCorr   .          Rampage  .    (no gloves)
Will    .....                    (no boots) Stlth
                                 (no amulet)
HPRegen 0.28/turn                (no ring)
MPRegen 0.20/turn                (no ring)

@: very slow
A: antennae 1, demonic guardian 1, magic regeneration
a: Renounce Religion, Bend Time


You were on level 5 of the Dungeon.
You worshipped Cheibriados.
Cheibriados was aware of your devotion.
You visited 2 branches of the dungeon, and saw 6 of its levels.

You collected 283 gold pieces.

Inventory:

Hand Weapons
 a - a +0 war axe (weapon)
Missiles
 p - 6 javelins (quivered)
 y - 6 poisoned darts
Armour
 c - a +0 buckler
 e - a +0 helmet
 t - a +0 cloak (worn)
 A - a +2 chain mail of poison resistance (worn)
Jewellery
 u - a ring of wizardry
Wands
 q - a wand of quicksilver (5)
Scrolls
 f - 4 scrolls of identify {unknown}
 h - a scroll of enchant armour {unknown}
 i - 2 scrolls of teleportation {unknown}
 j - 2 scrolls of poison {unknown}
 k - a scroll of vulnerability {unknown}
 o - a scroll of noise {unknown}
 r - a scroll of magic mapping {unknown}
 s - a scroll of fog {unknown}
 v - a scroll of amnesia {unknown}
Potions
 d - a potion of might
 g - 2 potions of lignification {unknown}
 l - a potion of haste {unknown}
 m - a potion of heal wounds {unknown}
 n - 2 potions of mutation {unknown}
 w - 2 potions of flight {unknown}
 x - a potion of magic {unknown}
 z - 3 potions of berserk rage {unknown}


   Skills:
 + Level 4.7 Fighting
 + Level 3.7 Axes
 + Level 4.3 Armour
 - Level 2.6 Shields


You had 5 spell levels left.
You didn't know any spells.
Your spell library contained the following spells:

 Spells                   Type           Power      Damage    Failure   Level
 Cigotuvi's Dreadful Rot  Necr/Pois/Air  0%         N/A       99%         2
 Poisonous Vapours        Pois/Air       0%         N/A       99%         2
 Mephitic Cloud           Conj/Pois/Air  0%         N/A       100%        3


Dungeon Overview and Level Annotations

Branches:
Dungeon (5/15)             Temple (1/1) D:4

Altars:
Ashenzari
Cheibriados
Dithmenos
Gozag
Kikubaaqudgha
Makhleb
Nemelex Xobeh
Okawaru
Ru
Sif Muna
Trog
Uskayaw
Vehumet
Xom
Yredelemnul

Annotations:
D:5 Duvessa, Ijyb


Innate Abilities, Weirdness & Mutations

You have a pair of small antennae on your head.
A weak demonic guardian rushes to your aid.
You regenerate magic rapidly.


Message History

You hit the orc wizard. You hit Duvessa.
The scorpion stings you but does no damage.
The orc wizard hits you but does no damage.
Duvessa closely misses you.
Your shadow imp hits the scorpion but does no damage.
The scorpion stings you but does no damage.
Duvessa drinks a potion.
Duvessa seems to grow stronger.
The orc wizard barely misses you. Duvessa attacks as you move away!
Duvessa hits you with a +2 short sword of holy wrath.
You convulse.
Your shadow imp hits the scorpion but does no damage.
The orc wizard closely misses your shadow imp.
The scorpion stings you but does no damage.
Duvessa attacks as you move away!
Duvessa hits you with a +2 short sword of holy wrath.
You convulse.
Your shadow imp disappears in a puff of smoke!
Aiming: Quicksilver Bolt
Press: ? - help, Shift-Dir - straight line, f - scorpion
Aim: a scorpion (heavily wounded, 71% to hit)
Okay, then.
Duvessa attacks as you move away!
Duvessa hits you with a +2 short sword of holy wrath!
You convulse.
The scorpion attacks as you move away! The scorpion stings you.
The scorpion barely misses you.
Aiming: Quicksilver Bolt
Press: ? - help, Shift-Dir - straight line, f - Duvessa
Aim: Duvessa, wielding a +2 short sword of holy wrath and wearing a +0 ring mail (lightly wounded, strong, 79% to hit)
The bolt of dispelling energy hits the scorpion!
You kill the scorpion!
Cheibriados appreciates the change of pace.
The bolt of dispelling energy hits Duvessa!
Duvessa is moderately wounded.
Duvessa's magical effects unravel!
The orc wizard casts a spell at you.
The puff of flame hits you but does no damage.
Ijyb screams, "Die!"
Ijyb zaps a wand.
Your mind is blasted!
You die...

... ...##..... ..........
.....#... ....#...####
#....##...#
#......####....##...#
#..>...........##o§.####..
..............@†e))......
.......###....#g.....#..
#......####..#.....)#
#......# #..####......
###......####...## ......
###........##......# #.....
.........#.......#..# .....
......#######...###........
.....†.....##..........


You could see Duvessa, Ijyb and an orc wizard.

Vanquished Creatures
  A scorpion (D:5)
  A hound (D:5)
  An orc priest (D:5)
  2 iguanas
  An orc wizard (D:3)
  4 adders
  A worm (D:2)
  2 dart slugs
  8 orcs
  6 bats
  9 endoplasms
  2 giant cockroaches
  2 hobgoblins
  4 kobolds
  3 quokkas
  10 ball pythons
  2 frilled lizards
  3 goblins
  8 rats
70 creatures vanquished.

Vanquished Creatures (collateral kills)
  A scorpion (D:5)
  A jelly (D:5)
  An orc (D:5)
3 creatures vanquished.

Grand Total: 73 creatures vanquished

Notes
Turn   | Place    | Note
-------+----------+-------------------------------------------
     0 | D:1      | BRD the Demonspawn Fighter began the quest for the Orb.
     0 | D:1      | Reached XP level 1. HP: 18/18 MP: 1/1
   279 | D:1      | Gained mutation: You have a pair of small antennae on your
                  | head. [demonic ancestry]
   279 | D:1      | Reached XP level 2. HP: 24/24 MP: 2/2
  1292 | D:2      | Reached XP level 3. HP: 14/29 MP: 3/3
  1877 | D:3      | Gained mutation: A weak demonic guardian rushes to your
                  | aid. [demonic ancestry]
  1877 | D:3      | Reached XP level 4. HP: 34/37 MP: 4/4
  2202 | D:3      | Found a shimmering altar of Xom.
  2277 | D:3      | Found a snail-covered altar of Cheibriados.
  2283 | D:3      | Became a worshipper of Cheibriados the Contemplative
  2781 | D:4      | Found a staircase to the Ecumenical Temple.
  2786 | Temple   | Entered the Ecumenical Temple
  3263 | D:4      | Gained mutation: You regenerate magic rapidly. [demonic
                  | ancestry]
  3263 | D:4      | Reached XP level 5. HP: 40/42 MP: 5/5
  3595 | D:5      | Entered Level 5 of the Dungeon
  3838 | D:5      | Reached * piety under Cheibriados
  3839 | D:5      | Reached XP level 6. HP: 39/49 MP: 6/6
  3842 | D:5      | Noticed Duvessa
  3842 | D:5      | Noticed Ijyb
  3850 | D:5      | Blown up by Ijyb

Illustrated notes

Levels and vault maps discovered:
D:1:      dpeg_arrival_central, layout_basic
D:2:      layout_loops_ring
D:3:      layout_basic, mainiacjoe_overflow_big_doors
D:4:      layout_loops_cross, temple_doors_e, grunt_decor_cap,
          hangedman_decor_riveting, roderic_lattice_a
D:5:      layout_basic, uniq_ijyb, uniq_duvessa
Temple:   regret_index_temple_waves

Skill      XL: |  1  2  3  4  5 |
---------------+----------------+-----
Axes           | 2 3 |  3.7
Armour         | 3 4 |  4.3
Fighting       | 4 |  4.7
Shields        | |  2.6

Action                     |  1- 3 |  4- 6 || total
---------------------------+-------+-------++-------
  Melee: War axe           |   101 |   109 ||   210
         Punch             |     2 |     2 ||     4
  Evoke: Wand              |       |     3 ||     3
 Armour: Scale mail        |    42 |    37 ||    79
         Chain mail        |       |    48 ||    48
  Dodge: Dodged            |    49 |    68 ||   117

Table legend: (Time is in decaauts)
 A = Elapsed time spent in this place.
 B = Non-inter-level travel time spent in this place.
 C = Inter-level travel time spent in this place.
 D = Time resting spent in this place.
 E = Time spent auto-exploring this place.
 F = Levels seen in this place.
 G = Mean time per level.
                   A        B        C        D        E       F      G
               +--------+--------+--------+--------+--------+-----+--------+
         Total |   4296 |   4006 |    290 |      0 |   3373 |   6 |  716.0 |
       Dungeon |   4153 |   3886 |    267 |      0 |   3268 |   5 |  830.6 |
        Temple |    142 |    120 |     22 |      0 |    105 |   1 |  142.0 |
               +--------+--------+--------+--------+--------+-----+--------+

Top non-repeatable levels by time:
     D:3: 1108 daAuts
     D:4: 1042 daAuts
     D:1: 992 daAuts
     D:2: 718 daAuts
     D:5: 292 daAuts
  Temple: 142 daAuts
